 Dungeon Crawl Stone Soup version 0.20-a0-345-gbfb25ec (webtiles) character file.

733 KristoblXynda the Stinger (level 7, -5/50 HPs)
             Began as a Grey Draconian Venom Mage on Dec 22, 2016.
             Killed by divine providence
             ... invoked by an orc priest
              (9 damage)
             ... on level 5 of the Dungeon.
             The game lasted 00:09:27 (4047 turns).

KristoblXynda the Stinger (DrVM)                    Turns: 4047, Time: 00:09:28

Health: -5/50      AC: 17    Str: 10    XL:     7   Next: 45%
Magic:  13/14      EV: 12    Int: 21    God:
Gold:   171        SH:  2    Dex: 11    Spells: 11/15 levels left

rFire  + . .     SeeInvis .     i - +6 hand axe
rCold  . . .     Gourm    .     (armour unavailable)
rNeg   . . .     Faith    .     (no shield)
rPois  .         Spirit   .     (helmet restricted)
rElec  .         Reflect  +     y - +0 cloak
rCorr  .         Harm     .     q - +2 pair of gloves
MR     .....                    u - +1 pair of boots
Stlth  ++........               m - +2 amulet of reflection
                                t - +3 ring of intelligence
                                k - ring of protection from fire

@: no status effects
A: walk through water, unfitting armour, unbreathing, cold-blooded, AC +11
a: no special abilities


You were on level 5 of the Dungeon.
You were not hungry.

You visited 1 branch of the dungeon, and saw 5 of its levels.

You collected 171 gold pieces.

Inventory:

Hand Weapons
 i - a +6 hand axe (weapon)
 n - a +2 flail of holy wrath
Missiles
 r - 2 throwing nets (quivered)
Armour
 q - a +2 pair of gloves (worn)
 u - a +1 pair of boots (worn)
 y - a +0 cloak (worn)
Jewellery
 k - a ring of protection from fire (left hand)
 m - a +2 amulet of reflection (around neck)
 t - a +3 ring of intelligence (right hand)
 v - an uncursed ring of protection from cold
Wands
 x - a wand of flame (24/48)
Scrolls
 e - 4 scrolls of remove curse
 g - a scroll of teleportation
 w - a scroll of fog
Potions
 c - 3 potions of haste
 f - 2 potions of invisibility
 j - 2 potions of curing
 o - 3 potions of heal wounds {unknown}
 s - a potion of lignification {unknown}
Books
 a - a Young Poisoner's Handbook

   Spells                             Type                      Level
   a - Sting                          Conjuration/Poison           1
   b - Mephitic Cloud                 Conjuration/Poison/Air       3
   c - Olgreb's Toxic Radiance        Poison                       4
   d - Alistair's Intoxication        Transmutation/Poison         5
   e - Venom Bolt                     Conjuration/Poison           5
Comestibles
 b - 3 bread rations
 d - 2 fruits
 h - a beef jerky
 l - 2 meat rations
 p - a chunk of flesh


   Skills:
 + Level 2.4 Axes
 - Level 1.7 Dodging
 - Level 1.7 Stealth
 + Level 4.9 Spellcasting
 + Level 4.4 Conjurations
 - Level 5.4 Poison Magic


You had 11 spell levels left.
You knew the following spells:

 Your Spells              Type           Power        Failure   Level  Hunger
a - Sting                 Conj/Pois      ####         1%          1    None
b - Mephitic Cloud        Conj/Pois/Air  ###.....     10%         3    ##.....


Dungeon Overview and Level Annotations

Branches:
Dungeon (5/15)
 Temple: D:4-7

Altars:
Cheibriados
Okawaru
Yredelemnul

Shops:
D:4 [


Innate Abilities, Weirdness & Mutations

You can walk through water.
Your dull iron-grey scales are very hard. (AC +11)
You cannot fit into any form of body armour.
You can survive without breathing.
You are cold-blooded and may be slowed by cold attacks.


Message History

You closely miss the orc priest.
The orc priest is heavily wounded.
You hit the plant but do no damage. The orc priest misses you.
You hit the orc priest but do no damage.
The orc priest is heavily wounded.
You hit the plant.
The orc priest invokes the aid of Beogh against you.
You struggle to resist.
You hit the orc priest.
The orc priest is severely wounded.
You slash the plant! You block the orc priest's attack.
You barely miss the orc priest.
The orc priest is severely wounded.
You hit the plant but do no damage.
The orc priest invokes the aid of Beogh against you.
Beogh smites you!
* * * LOW HITPOINT WARNING * * *
The orc priest invokes the aid of Beogh against you.
Beogh smites you!
You die...

.....#+###
###...........
##.#..........#
#<.#..........#
##.#.†........#
#......♣..♣...
###...≈≈.≈≈≈≈≈
#.)P≈≈≈P≈≈.≈
#.).@o≈≈≈≈≈≈
#.P≈♣≈≈≈≈≈≈≈
#.=..≈≈≈≈.≈≈
##..≈≈≈≈≈≈..
#...PP..P..
#.........#
#.......$.#
#.........#


You could see an orc priest.

Vanquished Creatures
  3 ogres (D:4)
  A centaur zombie (D:5)
  A hound (D:4)
  A centaur skeleton (D:4)
  An orc priest (D:4)
  Crazy Yiuf (D:4)
  A jelly (D:5)
  An orc wizard (D:5)
  2 worker ants (D:4)
  A hound skeleton (D:4)
  Robin (D:2)
  9 adders
  3 oozes
  3 worms
  5 dart slugs
  2 leopard geckos
  9 orcs
  3 giant cockroaches
  9 goblins
  7 hobgoblins
  5 jackals
  4 quokkas
  2 ball pythons (D:2)
  3 bats
  A frilled lizard (D:2)
  6 kobolds
  10 rats
95 creatures vanquished.

Notes
Turn   | Place    | Note
-------+----------+-------------------------------------------
     0 | D:1      | KristoblXynda the Draconian Venom Mage began the quest for the Orb.
     0 | D:1      | Reached XP level 1. HP: 14/14 MP: 3/3
   149 | D:1      | Reached XP level 2. HP: 17/20 MP: 1/5
   348 | D:1      | Reached skill level 1 in Conjurations
   997 | D:2      | Reached XP level 3. HP: 26/26 MP: 6/6
  1028 | D:2      | Learned a level 3 spell: Mephitic Cloud
  1074 | D:2      | Found a snail-covered altar of Cheibriados.
  1352 | D:2      | Noticed Robin
  1361 | D:2      | Reached XP level 4. HP: 32/33 MP: 8/8
  1366 | D:2      | Killed Robin
  1431 | D:2      | Found a basalt altar of Yredelemnul.
  1567 | D:2      | You fall through a shaft!
  2320 | D:3      | Reached XP level 5. HP: 38/38 MP: 10/10
  2701 | D:4      | Reached skill level 5 in Poison Magic
  3073 | D:4      | Found an iron altar of Okawaru.
  3153 | D:4      | Noticed an ogre
  3176 | D:4      | Killed an ogre
  3176 | D:4      | Reached XP level 6. HP: 43/45 MP: 3/12
  3340 | D:4      | Found Ampuxtihe's Antique Armour Boutique.
  3516 | D:4      | Reached skill level 1 in Axes
  3873 | D:4      | Found a runed door.
  3889 | D:4      | Your scales start taking on a dull iron-grey colour.
  3889 | D:4      | Reached XP level 7. HP: 48/50 MP: 10/14
  3889 | D:4      | Gained mutation: You can survive without breathing. [Grey Draconian growth]
  3903 | D:4      | Noticed Crazy Yiuf
  3910 | D:4      | Killed Crazy Yiuf
  4006 | D:5      | Entered Level 5 of the Dungeon
  4047 | D:5      | Killed from afar by an orc priest

Vault maps used:
D:1:      lightli_molten_gateway
D:2:      nicolae_overflow_hidden_temple, old_standard_altar, minmay_cupped,
          uniq_robin
D:3:      first_bread, roderic_lattice_a, hangedman_decor_points
D:4:      serial_shops, shop, okawaru_ov_weapons_minmay, uniq_crazy_yiuf_cottage
D:5:      serial_bayou_pond_b

Skill      XL: |  1  2  3  4  5  6  7 |
---------------+----------------------+-----
Conjurations   | 1 2 3 4 |  4.4
Spellcasting   | 3 4 |  4.9
Poison Magic   | 5 |  5.4
Axes           | 1 2 |  2.4
Dodging        | |  1.7
Stealth        | |  1.7

Action                   |  1- 3 |  4- 6 |  7- 9 || total
-------------------------+-------+-------+-------++-------
Melee: Unarmed           |    17 |       |       ||    17
       Tailslap          |     7 |    11 |     2 ||    20
       Hand axe          |    46 |   149 |    35 ||   230
 Cast: Sting             |    33 |    21 |     5 ||    59
       Mephitic Cloud    |       |     1 |       ||     1
  Use: Scroll            |       |    10 |       ||    10
 Stab: Sleeping          |       |     7 |     1 ||     8
  Eat: Chunk             |     2 |     5 |     1 ||     8
       Beef jerky        |       |     1 |       ||     1
       Fruit             |       |     1 |       ||     1
Armor: Skin              |    21 |    57 |    21 ||    99
Dodge: Dodged            |    38 |    96 |    20 ||   154
Block: Other             |     5 |    13 |     3 ||    21
